 Dungeon Crawl Stone Soup version 0.32-a0-422-g28b100f618 (webtiles) character file.

Game seed: 7621849111064905272

179 Bravepunisher the Changeling (level 5, -4/26 HPs)
             Began as a Spriggan Shapeshifter on Feb 21, 2024.
             Killed from afar by an orc wizard (10 damage)
             ... with a magic dart
             ... on level 6 of the Dungeon.
             The game lasted 00:04:54 (997 turns).

Bravepunisher the Changeling (Spriggan Shapeshifter) Turns: 997, Time: 00:04:55

Health: -4/26      AC:  2    Str: 16    XL:     5   Next: 33%
Magic:  6/6        EV: 18    Int: 12    God:
Gold:   72         SH:  0    Dex: 16    Spells: 4/4 levels left

rFire   . . .        f - +5 dagger "Betunyxo" {heavy, rC+ Stlth+}
rCold   + . .        (no shield)
rNeg    . . .        a - +0 animal skin
rPois   .            (helmet restricted)
rElec   .            (no cloak)
rCorr   .            (gloves unavailable)
SInv    +            (boots unavailable)
Will    .....        (no amulet)
Stlth   ++           e - +6 ring of strength
HPRegen 0.24/turn    (no ring)
MPRegen 0.10/turn

%: no passive effects
@: very quick
A: very small, no large weapons, unfitting armour, see invisible, speed 3
a: no special abilities


You were on level 6 of the Dungeon.
You visited 1 branch of the dungeon, and saw 7 of its levels.

You collected 72 gold pieces.

Inventory:

Hand Weapons
 f - the +5 dagger "Betunyxo" (weapon) {heavy, rC+ Stlth+}
   (You found it on level 4 of the Dungeon)

   rC+:       It protects you from cold.
   Stlth+:    It makes you more stealthy.
Armour
 a - a +0 animal skin (worn)
Jewellery
 e - a +6 ring of strength (left hand)
 i - an amulet of faith
Talismans
 c - a beast talisman
 d - a flux talisman
Scrolls
 h - a scroll of noise {unknown}
Potions
 b - a potion of lignification
 g - a potion of enlightenment {unknown}


   Skills:
 + Level 2.1 Fighting
 + Level 4.3 Dodging
 - Level 2.4 Unarmed Combat
 * Level 6.0 Shapeshifting


You had 4 spell levels left.
You didn't know any spells.
Your spell library was empty.

Dungeon Overview and Level Annotations

Branches:
Dungeon (7/15)
 Temple: D:4-7

Altars:

Shops:
D:5 ?[

Portals:
Sewer: D:4

Annotations:
D:5 Eustachio


Innate Abilities, Weirdness & Mutations

You are very small and have problems with some larger weapons.
You are too small for most types of armour.
You have supernaturally acute eyesight. (SInv)
You cover ground extremely quickly. (Speed+++)


Message History

The ufetubus completely misses you. The howler monkey misses you.
The orc priest looks braver for a moment.
The orc priest shouts, "The Pantheon deserves no one's loyalty.
Let us show you the true path!" (press Y on the ability menu to convert to Beogh)
You puncture the ufetubus!
You kill the ufetubus!
The howler monkey closely misses you.
The howler monkey hoots and howls with incredible vigour!
You hear an angry hiss.
Your Shapeshifting skill increases to level 6!
Found a thin cameo amulet.
An adder comes into view.
You see here an amulet of faith.
i - an amulet of faith The adder bites you.
You are poisoned.
The adder poisons you!
You hit the adder.
The adder is moderately wounded.
You feel sick. The adder closely misses you.
The adder bites you but does no damage.
You hit the adder.
The adder is almost dead.
You feel sick. The adder misses you. The howler monkey hits you.
* * * LOW HITPOINT WARNING * * *
The adder misses you.
The howler monkey hoots and howls with incredible vigour!
You hear an angry hiss.
You puncture the adder!
You kill the adder!
You feel sick.
The howler monkey closely misses you. x2
You feel sick.
You are no longer poisoned.
An iguana comes into view.
Found an orange potion.
The orc wizard shouts!
The howler monkey hoots and howls with incredible vigour!
The orc wizard casts a spell at you. The magic dart hits you!
You die...

## #.. ..### !..
#.##########
..#.@..hoo...#
#.#.#######.##
##... .# #.#
.l...#.# #o#
.........# #.#
#.####o..#####o#
........##oo...#
oo..$..<.oo#####
..##...#...##


You could see a howler monkey (catching breath), an iguana, 2 orc wizards and an
orc.

Vanquished Creatures
  A hound (D:4)
  A jelly (D:4)
  A sleepcap (D:5)
  2 iguanas
  An adder (D:6)
  2 ufetubi (D:6)
  3 endoplasms
  A hobgoblin (D:4)
  3 bats
  A kobold (D:1)
16 creatures vanquished.

Notes
Turn   | Place    | Note
-------+----------+-------------------------------------------
     0 | D:1      | Bravepunisher the Spriggan Shapeshifter began the quest for
                  | the Orb.
     0 | D:1      | Reached XP level 1. HP: 9/9 MP: 2/2
     7 | D:1      | Noticed an elf
     9 | D:1      | Noticed a vampire
    11 | D:1      | Noticed a barachi
    11 | D:1      | Noticed a vine stalker
    13 | D:1      | Noticed an oni
    15 | D:1      | Noticed a demigod
    15 | D:1      | Noticed a demonspawn
    17 | D:1      | Noticed a ghoul
    17 | D:1      | Noticed an armataur
    19 | D:1      | Noticed a felid
    19 | D:1      | Noticed an octopode
    21 | D:1      | Noticed a naga
    21 | D:1      | Noticed a minotaur
    23 | D:1      | Noticed a troll
    25 | D:1      | Noticed a spriggan
    25 | D:1      | Noticed a formicid
    27 | D:1      | Noticed a djinni
    27 | D:1      | Noticed a gargoyle
    29 | D:1      | Noticed a dwarf
    29 | D:1      | Noticed a merfolk
    31 | D:1      | Noticed a human
    31 | D:1      | Noticed a tengu
    33 | D:1      | Noticed a draconian
   132 | D:2      | Reached skill level 1 in Fighting
   157 | D:2      | Reached XP level 2. HP: 14/14 MP: 3/3
   197 | D:4      | Noticed a phantom
   238 | D:4      | Found a glowing drain.
   248 | D:4      | Identified the +5 dagger "Betunyxo" {heavy, rC+ Stlth+}
   300 | D:4      | Reached XP level 3. HP: 14/18 MP: 4/4
   350 | D:5      | Entered Level 5 of the Dungeon
   372 | D:5      | Found Ocyxom's Magic Scroll Shop.
   455 | D:5      | Found Etanajet's Antique Armour Boutique.
   481 | D:5      | Reached skill level 5 in Shapeshifting
   481 | D:5      | Reached XP level 4. HP: 22/22 MP: 5/5
   490 | D:5      | Noticed Eustachio
   631 | D:5      | Noticed a scorpion
   688 | D:6      | Noticed an ogre
   776 | D:6      | Reached XP level 5. HP: 19/26 MP: 6/6
   982 | D:6      | Reached skill level 6 in Shapeshifting
   997 | D:6      | Killed from afar by an orc wizard

Illustrated notes

Levels and vault maps discovered:
D:1:      kb_arrival_jail, layout_basic
D:2:      layout_basic, serial_curves, eino_curves_01, eino_curves_03,
          eino_curves_02, dreamdust_wishing_well, uniq_sigmund
D:3:      layout_basic, serial_shops, nicolae_shop_advertising_works
          [nicolae_subvault_shop_adworks], shapermc_ecumenical_altar_notcrosses,
          minmay_snake_closets, uniq_terence
D:4:      layout_basic, nicolae_uskayaw_murder_on_the_dancefloor,
          serial_aquarium, aquarium_bridge_square [aquarium_subvault_window,
          aquarium_subvault_bridge, aquarium_subvault_wall,
          aquarium_subvault_bridge], aquarium_bridge_straight
          [aquarium_subvault_bridge, aquarium_subvault_wall,
          aquarium_subvault_bridge, aquarium_subvault_balcony],
          aquarium_window_corner, aquarium_window_fake, aquarium_view_2b,
          aquarium_balcony_double_1, cheibrodos_sewer_entry_sluice,
          serial_library_hellmonk_open_square
D:5:      layout_loops_ring, serial_shops,
          nicolae_shop_temple_entry_statues_fountains, shop, shop,
          kennysheep_little_box, hangedman_decor_push, uniq_eustachio
D:6:      cheibrodos_fertilizer, layout_basic, kennysheep_diamond
D:7:      layout_basic, minmay_temple_entry_trees, minivault_23

Skill      XL: |  1  2  3  4  5 |
---------------+----------------+-----
Fighting       | 1 2 |  2.1
Dodging        | 3 4 |  4.3
Shapeshifting  | 5 6 |  6.0
Unarmed Combat | |  2.4

Action                     |  1- 3 |  4- 6 || total
---------------------------+-------+-------++-------
  Melee: Unarmed           |    17 |       ||    17
         Dagger            |    16 |    17 ||    33
Ability: Begin Untransform |     1 |       ||     1
   Stab: Sleeping          |     2 |     2 ||     4
 Armour: Animal skin       |    28 |    13 ||    41
  Dodge: Dodged            |    99 |    33 ||   132

Table legend: (Time is in decaauts)
 A = Elapsed time spent in this place.
 B = Non-inter-level travel time spent in this place.
 C = Inter-level travel time spent in this place.
 D = Time resting spent in this place.
 E = Time spent auto-exploring this place.
 F = Levels seen in this place.
 G = Mean time per level.
                   A        B        C        D        E       F      G
               +--------+--------+--------+--------+--------+-----+--------+
         Total |    668 |    630 |     38 |      0 |    164 |   7 |   95.4 |
       Dungeon |    668 |    630 |     38 |      0 |    164 |   7 |   95.4 |
               +--------+--------+--------+--------+--------+-----+--------+

Top non-repeatable levels by time:
     D:6: 183 daAuts
     D:5: 181 daAuts
     D:4: 169 daAuts
     D:2: 72 daAuts
     D:1: 52 daAuts
     D:3: 7 daAuts
     D:7: 1 daAuts
